 Dungeon Crawl Stone Soup version 0.25-b1-39-g0d900dab71 (webtiles) character file.

Game seed: 1615259782508740427

738 diana the Skirmisher (level 7, -2/56 HPs)
             Began as a Demonspawn Fighter on June 7, 2020.
             Slain by a sky beast (5 damage)
             ... on level 5 of the Dungeon.
             The game lasted 00:03:48 (4349 turns).

diana the Skirmisher (Demonspawn Fighter)           Turns: 4349, Time: 00:03:48

Health: -2/56      AC:  9    Str: 18    XL:     7   Next: 46%
Magic:  7/7        EV: 10    Int:  9    God:
Gold:   167        SH: 10    Dex: 15    Spells: 6/6 levels left

rFire    . . .     SeeInvis .   a - +0 war axe
rCold    . . .     Gourm    .   c - +0 kite shield
rNeg     . . .     Faith    .   b - +0 scale mail
rPois    .         Spirit   .   (no helmet)
rElec    .         Reflect  .   e - +0 cloak
rCorr    .         Harm     .   (no gloves)
MR       .....     Clarity  +   q - +0 pair of boots
Stlth    ..........             (no amulet)
HPRegen  0.18/turn              (no ring)
MPRegen  0.10/turn              (no ring)

@: no status effects
A: hooves 1, repulsion field 2, agile 1, clarity, powered by pain 2, subdued
magic 1
a: no special abilities


You were on level 5 of the Dungeon.
You were hungry.

You visited 1 branch of the dungeon, and saw 5 of its levels.

You collected 167 gold pieces.

Inventory:

Hand Weapons
 a - a +0 war axe (weapon)
Armour
 b - a +0 scale mail (worn)
 c - a +0 kite shield (worn)
 e - a +0 cloak (worn)
 q - a +0 pair of boots (worn)
Jewellery
 i - an uncursed ring of protection from cold {unknown}
Wands
 n - a wand of paralysis (6)
 o - a wand of clouds (6)
 p - a wand of iceblast (11)
Scrolls
 g - 6 scrolls of identify {unknown}
 j - 2 scrolls of blinking {unknown}
 k - a scroll of enchant weapon {unknown}
 l - 2 scrolls of teleportation {unknown}
 m - a scroll of magic mapping {unknown}
 r - a scroll of immolation {unknown}
 s - a scroll of enchant armour {unknown}
Potions
 d - a potion of might
 t - 2 potions of curing {unknown}
 u - a potion of berserk rage {unknown}
Comestibles
 f - 8 rations


   Skills:
 + Level 5.1 Fighting
 + Level 4.1 Axes
 + Level 4.6 Armour
 + Level 4.6 Shields


You had 6 spell levels left.
You didn't know any spells.
Your spell library was empty.

Dungeon Overview and Level Annotations

Branches:
Dungeon (5/15)
 Temple: D:4-7

Altars:
Cheibriados
Hepliaklqana
Kikubaaqudgha
Nemelex Xobeh
Okawaru
Qazlal
Trog
Vehumet
The Shining One


Innate Abilities, Weirdness & Mutations

You have large cloven feet.
You are surrounded by a moderate repulsion field. (EV +3)
You sometimes gain power by taking damage.
You are agile. (Dex +2)
You possess an exceptional clarity of mind.
Your spells are a little easier to cast, but a little less powerful.


Message History

* * * LOW HITPOINT WARNING * * *
Something shocks you.
* * * LOW HITPOINT WARNING * * *
Unknown command.
A sky beast appears from thin air!
Reactivating autopickup.
You see here 12 arrows.
You closely miss the sky beast.
The sky beast is almost dead.
You block the sky beast's attack.
Evoke which item? (* to show all) (? for menu, Esc to quit)
Aiming: Cloud Cone
Press: ? - help, Dir - move target cursor, f - sky beast
Aim: a sky beast (almost dead)
You create a blast of noxious fumes!
The sky beast is engulfed in noxious fumes.
The sky beast hits you.
* * * LOW HITPOINT WARNING * * *
The sky beast shocks you.
You die...

.. ##. #.. .. #.##
#..#
...#####.##########
.......@Y§§§†......
...#####.##########
#.## #..# ###.####
#......# #......#
#.....<# #<.....#


You could see a sky beast.

Vanquished Creatures
  An ogre (D:4)
  A bullfrog (D:4)
  3 vampire bats (D:4)
  A howler monkey (D:4)
  4 hounds
  2 orc wizards (D:4)
  3 worker ants (D:4)
  A hound skeleton (D:4)
  A worker ant zombie (D:5)
  9 adders
  A shadow imp (D:5)
  A worm (D:2)
  2 dart slugs
  A leopard gecko (D:2)
  8 orcs
  2 ball pythons
  4 bat skeletons (D:4)
  2 bat zombies (D:4)
  A giant cockroach (D:3)
  3 goblins
  5 hobgoblins
  9 jackals
  A quokka (D:4)
  3 bats
  3 frilled lizards
  A jackal skeleton (D:4)
  6 kobolds
  3 rats
82 creatures vanquished.

Notes
Turn   | Place    | Note
-------+----------+-------------------------------------------
     0 | D:1      | diana the Demonspawn Fighter began the quest for the Orb.
     0 | D:1      | Reached XP level 1. HP: 18/18 MP: 1/1
   235 | D:1      | Gained mutation: You sometimes gain a little power by
                  | taking damage. [demonic ancestry]
   235 | D:1      | Reached XP level 2. HP: 24/24 MP: 2/2
   858 | D:2      | Reached XP level 3. HP: 24/29 MP: 3/3
  1038 | D:2      | Found an iron altar of Okawaru.
  1693 | D:2      | Found a stormy altar of Qazlal.
  1788 | D:2      | Found a bloodstained altar of Trog.
  1788 | D:2      | Found a radiant altar of Vehumet.
  1790 | D:2      | Found a glowing golden altar of the Shining One.
  1824 | D:3      | Gained mutation: You are surrounded by a mild repulsion
                  | field. (EV +2) [demonic ancestry]
  1824 | D:3      | Reached XP level 4. HP: 34/35 MP: 4/4
  1935 | D:3      | Found a hazy altar of Hepliaklqana.
  1962 | D:3      | Found a snail-covered altar of Cheibriados.
  1963 | D:3      | Found a sparkling altar of Nemelex Xobeh.
  2428 | D:4      | Gained mutation: You sometimes gain power by taking damage.
                  | [demonic ancestry]
  2428 | D:4      | Reached XP level 5. HP: 34/42 MP: 5/5
  2505 | D:4      | Noticed an ogre
  2521 | D:3      | Gained mutation: Your spells are a little easier to cast,
                  | but a little less powerful. [potion of mutation]
  2521 | D:3      | Gained mutation: Your mind is acute. (Int +2) [potion of
                  | mutation]
  2521 | D:3      | Gained mutation: You have a pair of small horns on your
                  | head. [potion of mutation]
  2521 | D:3      | Gained mutation: You possess an exceptional clarity of
                  | mind. [potion of mutation]
  2524 | D:3      | Reached skill level 4 in Fighting
  2791 | D:3      | Lost mutation: You possess an exceptional clarity of mind.
                  | [potion of mutation]
  2791 | D:3      | Lost mutation: You have a pair of small horns on your head.
                  | [potion of mutation]
  2791 | D:3      | Lost mutation: Your mind is acute. (Int +2) [potion of
                  | mutation]
  2791 | D:3      | Gained mutation: You are agile. (Dex +2) [potion of
                  | mutation]
  2791 | D:3      | Gained mutation: You possess an exceptional clarity of
                  | mind. [potion of mutation]
  2881 | D:4      | Gained mutation: You are surrounded by a moderate repulsion
                  | field. (EV +3) [demonic ancestry]
  2881 | D:4      | Reached XP level 6. HP: 17/49 MP: 6/6
  3621 | D:4      | Gained mutation: You have large cloven feet. [demonic
                  | ancestry]
  3621 | D:4      | Reached XP level 7. HP: 42/55 MP: 7/7
  3791 | D:4      | Found an ancient bone altar of Kikubaaqudgha.
  3802 | D:4      | Reached skill level 5 in Fighting
  4241 | D:5      | Entered Level 5 of the Dungeon
  4349 | D:5      | Slain by a sky beast

Illustrated notes

Levels and vault maps discovered:
D:1:      lightli_arrival_statuegarden, layout_basic, minmay_heptomino_l4
D:2:      layout_loops_cross, lemuel_round_altar,
          nicolae_overflow_hidden_temple, okawaru_trees_1,
          minmay_splitting_lines, kennysheep_generic_room_11
D:3:      layout_rooms, lemuel_round_altar, gammafunk_temple_overflow_statue,
          first_ration, dk_vineyard_2
D:4:      layout_loops_ring, kennysheep_vampire_church
D:5:      layout_rooms, grunt_temple_overflow_order_and_chaos_1,
          temple_fountains, ebering_ghost_rock_garden, uniq_edmund

Skill      XL: |  1  2  3  4  5  6  7 |
---------------+----------------------+-----
Axes           | 2 3 4 |  4.1
Armour         | 3 4 |  4.6
Shields        | 3 4 |  4.6
Fighting       | 4 5 |  5.1

Action                   |  1- 3 |  4- 6 |  7- 9 || total
-------------------------+-------+-------+-------++-------
Melee: War axe           |    91 |   164 |    67 ||   322
       Headbutt          |       |     1 |       ||     1
Evoke: Wand              |       |       |     1 ||     1
  Use: Potion            |       |     4 |       ||     4
  Eat: Chunk             |     2 |     7 |     2 ||    11
Armor: Scale mail        |    59 |    86 |    52 ||   197
Dodge: Dodged            |    43 |    75 |    48 ||   166
Block: Kite shield       |    65 |    84 |    41 ||   190
